 Dungeon Crawl Stone Soup version 0.30-a0-1035-g38d5fb2972 (webtiles) character file.

Game seed: 3712635752719262884

376 Ic0nGaming the Slicer (level 7, 0/41 HPs)
             Began as a Kobold Fighter on Apr 8, 2023.
             Slain by a wraith (6 damage)
             ... in an ossuary.
             The game lasted 00:12:08 (3525 turns).

Ic0nGaming the Slicer (Kobold Fighter)              Turns: 3525, Time: 00:12:08

Health: 0/41       AC:  7    Str: 15    XL:     7   Next: 3%
Magic:  6/6        EV: 10    Int: 16    God:
Gold:   264        SH:  4    Dex: 14    Spells: 6/6 levels left

rFire   + . .      SeeInvis .    a - +1 rapier (chaos)
rCold   . . .      Faith    .    c - +0 buckler
rNeg    . . .      Spirit   .    b - +0 scale mail
rPois   .          Reflect  .    (helmet restricted)
rElec   .          Rampage  .    (no cloak)
rCorr   .                        p - +0 pair of gloves
Will    .....                    (no boots)
Stlth   +                        (no amulet)
HPRegen 0.26/turn                l - +6 ring of intelligence
MPRegen 0.10/turn                g - ring of protection from fire

@: hasted, very quick
A: small, no large weapons, nightstalker 3, horns 1, low MP 1
a: no special abilities


You were in an ossuary.
You visited 1 branch of the dungeon, and saw 4 of its levels.
You also visited: Ossuary.

You collected 264 gold pieces.

Inventory:

Hand Weapons
 a - a +1 rapier of chaos (weapon)
Armour
 b - a +0 scale mail (worn)
 c - a +0 buckler (worn)
 p - a +0 pair of gloves (worn)
Jewellery
 g - a ring of protection from fire (right hand)
 l - a +6 ring of intelligence (left hand)
Scrolls
 d - a scroll of enchant armour {unknown}
 f - a scroll of blinking
 n - a scroll of teleportation
Potions
 e - 2 potions of attraction
 h - a potion of brilliance {unknown}
 k - a potion of haste


   Skills:
 - Level 3.2 Fighting
 + Level 9.2 Short Blades
 - Level 2.4 Armour
 - Level 2.4 Shields


You had 6 spell levels left.
You didn't know any spells.
Your spell library contained the following spells:

 Spells                   Type           Power      Damage    Failure   Level
 Ensorcelled Hibernation  Hex/Ice        0%         N/A       92%         2
 Passwall                 Tmut/Erth      0%         N/A       92%         2
 Gell's Gravitas          Tloc           0%         N/A       99%         3
 Swiftness                Air            0%         N/A       99%         3
 Teleport Other           Tloc           0%         N/A       99%         3
 Dispersal                Tloc           0%         N/A       100%        6


Dungeon Overview and Level Annotations

Branches:
Dungeon (4/15)            Ossuary (1/1)
 Temple: D:4-7

Altars:
Wu Jian

Annotations:
D:4 1 runed translucent door, NoKap's ghost, amateur OpTm


Innate Abilities, Weirdness & Mutations

You are small and have problems with some larger weapons.
You are completely attuned to the shadows.
You have a pair of small horns on your head.
Your magical capacity is low. (-10% MP)


Message History

The wraith hits you!
You barely miss the wraith.
The wraith is lightly damaged.
You hit the wraith but do no damage. Lightning courses through the wraith!
The wraith is severely damaged.
You feel yourself speed up. The wraith barely misses you.
You hit the wraith but do no damage.
You headbutt the wraith, but do no damage.
The wraith is severely damaged.
You block the wraith's attack.
You hit the wraith.
The wraith resists with almost no effort.
Your headbutt misses the wraith.
The wraith is severely damaged.
You miss the wraith.
The wraith is severely damaged.
You block the wraith's attack.
You hit the wraith but do no damage. You headbutt the wraith.
The wraith is severely damaged.
The wraith barely misses you.
You hit the wraith but do no damage. Your headbutt misses the wraith.
The wraith is severely damaged.
You miss the wraith.
You headbutt the wraith, but do no damage.
The wraith is severely damaged.
The wraith hits you but does no damage.
You hit the wraith but do no damage. Your headbutt misses the wraith.
The wraith is severely damaged.
You miss the wraith.
The wraith is severely damaged.
The wraith hits you!
* * * LOW HITPOINT WARNING * * *
You miss the wraith.
The wraith is severely damaged.
You hit the wraith.
You headbutt the wraith, but do no damage.
The wraith is almost destroyed.
The wraith hits you.
You die...

##################
#.................
#.∩...............
#.......#####'####
#......##....@....
#.....## ..##W##..
#....## . ... .
#....# .?!..
#....+ .!!??!.
#....# #....##
#.....## #......##


You could see a wraith (strong, agile).

Vanquished Creatures
  A phantom (D:4)
  A scorpion (D:4)
  A howler monkey (D:4)
  Jessica (D:3)
  An iguana (D:4)
  A mummy (Ossuary)
  4 gnolls (D:4)
  3 adders
  7 orcs
  7 bats
  4 endoplasms
  4 giant cockroaches
  4 goblins
  9 hobgoblins
  4 jackals
  7 ball pythons
  3 frilled lizards (D:1)
  3 gnoll skeletons (Ossuary)
  2 kobolds
  5 kobold skeletons (Ossuary)
  9 orc skeletons (Ossuary)
  6 rats
87 creatures vanquished.

Notes
Turn   | Place    | Note
-------+----------+-------------------------------------------
     0 | D:1      | Ic0nGaming the Kobold Fighter began the quest for the Orb.
     0 | D:1      | Reached XP level 1. HP: 14/14 MP: 1/1
    61 | D:1      | Reached skill level 3 in Short Blades
   160 | D:1      | Reached XP level 2. HP: 16/19 MP: 2/2
   257 | D:1      | Reached skill level 4 in Short Blades
   396 | D:1      | Reached XP level 3. HP: 18/23 MP: 3/3
  1035 | D:2      | Reached skill level 5 in Short Blades
  1549 | D:2      | Reached XP level 4. HP: 22/28 MP: 4/4
  2348 | D:3      | Identified the +6 spear "Oniqa" {spect, *Slow Dex+4}
  2365 | D:3      | Found a faded altar of an unknown god.
  2649 | D:3      | Reached skill level 6 in Short Blades
  2706 | D:3      | Noticed Jessica
  2712 | D:3      | Killed Jessica
  2713 | D:3      | Reached XP level 5. HP: 32/32 MP: 5/5
  2979 | D:3      | Found an ornate altar of the Wu Jian Council.
  2983 | D:3      | Noticed a spectral centipede
  2983 | D:3      | Noticed a spectral black mamba
  2983 | D:3      | Noticed a spectral cane toad
  3104 | D:4      | Noticed a phantom
  3115 | D:4      | Killed a phantom
  3116 | D:4      | Reached skill level 7 in Short Blades
  3165 | D:4      | Reached XP level 6. HP: 11/37 MP: 6/6
  3178 | D:4      | Gained mutation: Your magical capacity is low. (-10% MP)
                  | [potion of mutation]
  3178 | D:4      | Gained mutation: You have a pair of small horns on your
                  | head. [potion of mutation]
  3179 | D:4      | Reached skill level 8 in Short Blades
  3179 | D:4      | HP: 2/55 [gnoll/+0 spear (4)]
  3250 | D:4      | Found a runed translucent door.
  3250 | D:4      | Noticed NoKap's ghost (amateur OpTm)
  3266 | D:4      | Reached skill level 9 in Short Blades
  3312 | D:4      | Found a sand-covered staircase.
  3316 | Ossuary  | Entered an ossuary
  3370 | Ossuary  | Noticed a wraith
  3384 | Ossuary  | Reached XP level 7. HP: 31/41 MP: 6/6
  3500 | Ossuary  | Noticed a wraith
  3525 | Ossuary  | Slain by a wraith

Illustrated notes

Levels and vault maps discovered:
D:1:      giann_wishing_wells, layout_rooms, chequers_serial_rivers_small_3,
          chequers_serial_rivers_micro_e
D:2:      layout_loops_ring
D:3:      layout_loops_ring, pdpol_wu_jian_five_deadly_venoms,
          shapermc_ecumenical_altar_hornbeckon, uniq_jessica
D:4:      layout_rooms, gammafunk_ghost_grave, serial_shops, shop,
          lightli_ossuary_entry_decrepit_ruins
Ossuary:  ossuary_due_mausoleum

Skill      XL: |  1  2  3  4  5  6 |
---------------+-------------------+-----
Short Blades   | 3 4 5 6 7 9 |  9.2
Fighting       | |  3.2
Armour         | |  2.4
Shields        | |  2.4

Action                     |  1- 3 |  4- 6 |  7- 9 || total
---------------------------+-------+-------+-------++-------
  Melee: Rapier            |   112 |   127 |    37 ||   276
         Headbutt          |       |     4 |    11 ||    15
    Use: Scroll            |     3 |     8 |       ||    11
         Potion            |       |     5 |     1 ||     6
   Stab: Sleeping          |     1 |       |       ||     1
         Confused          |       |     1 |       ||     1
 Armour: Scale mail        |    47 |    40 |     6 ||    93
         Skin              |       |    10 |       ||    10
  Dodge: Dodged            |    57 |    44 |     9 ||   110
  Block: Buckler           |    17 |    28 |     4 ||    49

Table legend: (Time is in decaauts)
 A = Elapsed time spent in this place.
 B = Non-inter-level travel time spent in this place.
 C = Inter-level travel time spent in this place.
 D = Time resting spent in this place.
 E = Time spent auto-exploring this place.
 F = Levels seen in this place.
 G = Mean time per level.
                   A        B        C        D        E       F      G
               +--------+--------+--------+--------+--------+-----+--------+
         Total |   3508 |   3437 |     71 |    911 |   1558 |   5 |  701.6 |
       Dungeon |   3310 |   3239 |     71 |    853 |   1550 |   4 |  827.5 |
       Ossuary |    197 |    197 |      0 |     58 |      8 |   1 |  197.0 |
               +--------+--------+--------+--------+--------+-----+--------+

Top non-repeatable levels by time:
     D:2: 1364 daAuts
     D:3: 972 daAuts
     D:1: 744 daAuts
     D:4: 229 daAuts
 Ossuary: 197 daAuts
